 Dungeon Sprint DCSS version 0.29-a0-451-gfbfa42419e (webtiles) character file.

Game seed: 17622807600823752124

53678 mhtbhm the Shatterer (level 14, -26/168 HPs)
             Began as a Gargoyle Fighter on May 17, 2022.
             Was an Initiate of Gozag.
             Annihilated by Cerebov
             ... wielding the +6 sword of Cerebov {flame}
              (53 damage)
             ... in the Dungeon (Sprint VII: "The Pits") on May 19, 2022.
             The game lasted 00:18:06 (5740 turns).

mhtbhm the Shatterer (Gargoyle Fighter)             Turns: 5740, Time: 00:18:07

Health: -26/168    AC: 35    Str: 25    XL:     14   Next: 69%
Magic:  14/14      EV: 14    Int: 12    God:    Gozag
Gold:   4760       SH: 18    Dex:  9    Spells: 13/13 levels left

rFire   + + .      SeeInvis .   a - +3 demon whip (drain)
rCold   + . .      Faith    .   c - +0 tower shield
rNeg    + . .      Spirit   .   b - +4 chain mail of Gestures {Int+3}
rPois   ∞          Reflect  .   r - +0 helmet
rElec   +          Harm     .   t - +1 cloak of Starlight {*Dazzle EV+4 Stlth--}
rCorr   +          Rampage  .   (no gloves)
Will    +....      NoTele   +   s - +0 pair of boots
Stlth   ..........              (no amulet)
HPRegen 0.38/turn               A - ring of protection from fire
MPRegen 0.14/turn               E - ring of protection from fire

@: berserking (expiring), resistant, fire vulnerable, flying, hasted, very quick
A: sickness immunity, AC +10, big wings, negative energy resistance 1,
electricity resistance, torment resistance 1, petrification resistance
a: Renounce Religion, Potion Petition, Call Merchant, Bribe Branch


You were in the Dungeon.
You worshipped Gozag.
Gozag was most pleased with you.
You visited 1 branch You collected 13087 gold pieces.
You spent 1672 gold pieces at shops.
You paid 6655 gold pieces to Gozag.

Inventory:

Hand Weapons
 a - a +3 demon whip of draining (weapon)
 l - a +4 eudemon blade of holy wrath
 H - the +8 great mace "Itieq" {vorpal, Dex+4 Stlth+}
   (You bought it in a shop in the Dungeon)

   It inflicts extra damage upon your enemies.
   Dex:       It affects your dexterity (+4).
   Stlth:     It makes you more stealthy.
Missiles
 j - 2 poisoned darts
 o - a silver javelin
 w - 4 boomerangs (quivered)
Armour
 b - the +4 chain mail of Gestures (worn) {Int+3}
   (You took it off a death knight in the Dungeon)

   Int:       It affects your intelligence (+3).
 c - a +0 tower shield (worn)
 r - a +0 helmet (worn)
 s - a +0 pair of boots (worn)
 t - the +1 cloak of Starlight (worn) {*Dazzle EV+4 Stlth--}
   (You bought it in a shop in the Dungeon)

   It may blind those who miss an attack against the wearer in melee combat.
   EV:        It affects your evasion (+4).
   Stlth:     It makes you much less stealthy.
 I - the +1 pair of gloves "Wotick" {Str+3}
   (You bought it in a shop in the Dungeon)

   Str:       It affects your strength (+3).
Jewellery
 n - a +3 ring of strength
 A - a ring of protection from fire (left hand)
 B - a ring of see invisible
 E - a ring of protection from fire (right hand)
 F - a +6 ring of strength
Wands
 J - a wand of polymorph (8)
Scrolls
 k - 5 scrolls of amnesia
 u - 2 scrolls of enchant weapon
 v - a scroll of blinking
 y - 4 scrolls of enchant armour
 z - 3 scrolls of fear
 C - a scroll of identify
 K - a scroll of poison
Potions
 d - 2 potions of might
 e - 6 potions of curing
 f - 2 potions of heal wounds
 g - 3 potions of haste
 h - 4 potions of magic
 i - a potion of berserk rage
 m - 2 potions of invisibility
 p - 2 potions of brilliance
 q - a potion of mutation
 x - a potion of resistance
 D - a potion of attraction
Miscellaneous
 G - a tin of tremorstones (2/2)


   Skills:
 + Level 22.0 Fighting
 + Level 22.5 Maces & Flails
 + Level 1.3 Throwing
 + Level 18.2 Armour
 + Level 9.2 Dodging
 + Level 12.5 Stealth
 + Level 17.7 Shields
 + Level 4.1 Evocations


You had 13 spell levels left.
You didn't know any spells.
Your spell library contained the following spells:

 Spells                   Type           Power      Damage    Failure   Level
 Animate Skeleton         Necr           0%         N/A       97%         1
 Shock                    Conj/Air       0%         1d3       97%         1
 Poisonous Vapours        Pois/Air       0%         N/A       99%         2
 Mephitic Cloud           Conj/Pois/Air  0%         N/A       100%        3
 Swiftness                Air            0%         N/A       100%        3
 Airstrike                Air            0%         N/A       100%        4
 Leda's Liquefaction      Hex/Erth       0%         N/A       100%        4
 Passage of Golubria      Tloc           0%         N/A       100%        4
 Agony                    Necr           0%         N/A       100%        5
 Lee's Rapid Deconstruct  Erth           0%         3d5*      100%        5
 Silence                  Hex/Air        0%         N/A       100%        5
 Lehudib's Crystal Spear  Conj/Erth      0%         10d2      100%        8
 Statue Form              Tmut/Erth      Unusable   N/A       N/A         6

Dungeon Overview and Level Annotations

Branches:
Dungeon (1/1)

Altars:
Ashenzari
Cheibriados
Dithmenos
Elyvilon
Fedhas
Gozag
Hepliaklqana
Kikubaaqudgha
Makhleb
Nemelex Xobeh
Okawaru
Qazlal
Ru
Sif Muna
Trog
Uskayaw
Vehumet
Wu Jian
Xom
Yredelemnul
Zin
The Shining One
Beogh
Jiyva
Lugonu

Shops:
D [(*

Annotations:
D Cerebov


Innate Abilities, Weirdness & Mutations

You are immune to sickness and miasma.
Your stone body is resilient. (AC +10)
You are immune to poison.
Your large and strong wings let you fly.
You resist negative energy. (rN+)
You are resistant to electric shocks. (rElec)
You are resistant to unholy torment.
You are immune to petrification.


Message History

You block the Brimstone Fiend's attack.
Unknown command.
You whack Cerebov!
Cerebov is lightly wounded.
The balrug hits you with a +1 demon whip of electrocution.
* * * LOW HITPOINT WARNING * * *
You are engulfed in flames!
You resist.
* * * LOW HITPOINT WARNING * * *
The balrug gestures at you. The sticky flame misses you.
Cerebov shouts, "Thy throat shall be my supper!"
You block Cerebov's attack.
You whack Cerebov!
Cerebov is lightly wounded.
You hit Cerebov but do no damage.
Cerebov is lightly wounded.
Cerebov hits you but does no damage. The balrug gestures at you.
The bolt of fire hits you! You resist.
* * * LOW HITPOINT WARNING * * *
The balrug closely misses you. You block the Brimstone Fiend's attack.
The Brimstone Fiend hits you but does no damage.
You block the Brimstone Fiend's attack.
You hit Cerebov.
Cerebov is lightly wounded.
You block Cerebov's attack. The balrug gestures at you.
The sticky flame hits you but does no damage.
You are covered in liquid flames!
You block the balrug's attack.
You hit Cerebov but do no damage.
Cerebov is lightly wounded.
You are covered in liquid flames!
* * * LOW HITPOINT WARNING * * *
You are no longer on fire.
The Brimstone Fiend hits you but does no damage. x2
The Brimstone Fiend barely misses you.
Cerebov hits you with the +6 sword of Cerebov {flame}!!!
You die...
Your body crumbles into a pile of gold.

#§#
#[#
#.#
#'#
#.#
#)#
#.#
#&#
##@##
#122#
+...#
##.##
#)#
#)#
#'#
#.#
#'#


You could see Cerebov (fast), a Brimstone Fiend (summoned) and 2 balrugs.

Vanquished Creatures
  Mara (D)
  A royal mummy (D)
  A profane servitor (D)
  A Brimstone Fiend (D)
  A hellephant (D)
  An electric golem (D)
  A tentacled monstrosity (D)
  A deep elf blademaster (D)
  Polyphemus (D)
  Ilsuiw (D)
  An azure jelly (D)
  2 draconian monks (D)
  An iron dragon (D)
  A daeva (D)
  A fire giant (D)
  A ghost moth (D)
  An orc warlord (D)
  A balrug (D)
  2 apis (D)
  2 merfolk javelineers (D)
  A red draconian (D)
  A blizzard demon (D)
  Josephine (D)
  A yaktaur captain (D)
  A centaur warrior (D)
  2 hydras (D)
  A death knight (D)
  4 hell hogs (D)
  An orc high priest (D)
  Nergalle (D)
  2 deep trolls (D)
  A sea snake (D)
  2 flayed ghosts (D)
  A phantasmal warrior (D)
  2 wizards (D)
  A deep elf zephyrmancer (D)
  A deep elf pyromancer (D)
  2 lindwurms (D)
  A wolf spider (D)
  An orc sorcerer (D)
  An orc knight (D)
  A rust devil (D)
  A merfolk siren (D)
  A molten gargoyle (D)
  A black mamba (D)
  A cane toad (D)
  A smoke demon (D)
  A hellion (D)
  3 yaktaurs (D)
  A komodo dragon (D)
  A freezing wraith (D)
  A kobold demonologist (D)
  A guardian mummy (D)
  A red devil (D)
  2 tarantellas (D)
  2 merfolk (D)
  A polar bear (D)
  2 hornets (D)
  5 dream sheep (D)
  A jumping spider (D)
  A snapping turtle (D)
  A ynoxinul (D)
  A culicivora (D)
  5 wraiths (D)
  2 water elementals (D)
  A spriggan (D)
  6 yaks (D)
  5 redbacks (D)
  2 vampire mosquitoes (D)
  A basilisk (D)
  2 wargs (D)
  6 orc warriors (D)
  An ice beast (D)
  A black bear (D)
  2 centaurs (D)
  A kobold brigand (D)
  A bullfrog (D)
  3 scorpions (D)
  3 crimson imps (D)
  2 quasits (D)
  An orc priest (D)
  A hound (D)
  A gnoll shaman (D)
  Terence (D)
  3 orc wizards (D)
  4 gnolls (D)
  2 adders (D)
  A river rat (D)
  5 orcs (D)
  A bat skeleton (D)
  2 endoplasms (D)
  A giant cockroach (D)
  3 jackals (D)
  A quokka (D)
  A ball python (D)
  5 bats (D)
  8 kobolds (D)
  A quokka skeleton (D)
  A quokka zombie (D)
  A rat (D)
171 creatures vanquished.

Vanquished Creatures (collateral kills)
  A vampire (D)
1 creature vanquished.

Vanquished Creatures (others)
  A kobold demonologist (D)
  2 vampire mosquitoes (D)
  A gnoll (D)
4 creatures vanquished.

Grand Total: 176 creatures vanquished

Notes
Turn   | Place    | Note
-------+----------+-------------------------------------------
     0 | D        | mhtbhm the Gargoyle Fighter began the quest for the Orb.
     0 | D        | Reached XP level 1. HP: 14/14 MP: 1/1
    11 | D        | Noticed a scorpion
    23 | D        | Killed a scorpion
    24 | D        | Reached skill level 5 in Fighting
    24 | D        | Reached skill level 5 in Armour
    24 | D        | Reached skill level 5 in Shields
    24 | D        | Reached XP level 2. HP: 21/21 MP: 2/2
    24 | D        | Reached XP level 3. HP: 26/26 MP: 3/3
    24 | D        | Reached XP level 4. HP: 31/31 MP: 4/4
    32 | D        | Found a bloodstained altar of Trog.
    32 | D        | Found a shimmering blue altar of Sif Muna.
    32 | D        | Found a viscous altar of Jiyva.
    32 | D        | Found a hazy altar of Hepliaklqana.
    32 | D        | Found an opulent altar of Gozag.
    33 | D        | Found a glowing golden altar of the Shining One.
    33 | D        | Found a glowing silver altar of Zin.
    33 | D        | Found a basalt altar of Yredelemnul.
    33 | D        | Found a shimmering altar of Xom.
    33 | D        | Found an ornate altar of the Wu Jian Council.
    33 | D        | Found a sacrificial altar of Ru.
    33 | D        | Found a stormy altar of Qazlal.
    33 | D        | Found an iron altar of Okawaru.
    33 | D        | Found a sparkling altar of Nemelex Xobeh.
    33 | D        | Found a burning altar of Makhleb.
    33 | D        | Found a blossoming altar of Fedhas.
    33 | D        | Found a white marble altar of Elyvilon.
    33 | D        | Found a shadowy altar of Dithmenos.
    33 | D        | Found a snail-covered altar of Cheibriados.
    35 | D        | Found a radiant altar of Vehumet.
    35 | D        | Found a corrupted altar of Lugonu.
    36 | D        | Found a hide-covered altar of Uskayaw.
    36 | D        | Found an ancient bone altar of Kikubaaqudgha.
    36 | D        | Found a broken altar of Ashenzari.
    42 | D        | Became a worshipper of Gozag Ym Sagoz the Greedy
   254 | D        | Reached skill level 1 in Dodging
   254 | D        | Reached skill level 1 in Stealth
   254 | D        | Reached XP level 5. HP: 25/36 MP: 5/5
   259 | D        | Reached skill level 5 in Maces & Flails
   296 | D        | Reached XP level 6. HP: 27/44 MP: 6/6
   448 | D        | Noticed a molten gargoyle
   453 | D        | Killed a molten gargoyle
   454 | D        | Reached XP level 7. HP: 36/50 MP: 7/7
   607 | D        | Noticed Terence
   610 | D        | Reached skill level 10 in Maces & Flails
   622 | D        | Killed Terence
   642 | D        | Noticed a flayed ghost
   656 | D        | Killed a flayed ghost
   657 | D        | Reached XP level 8. HP: 26/56 MP: 8/8
   917 | D        | Noticed a phantasmal warrior
   927 | D        | Killed a phantasmal warrior
   928 | D        | Reached skill level 10 in Fighting
   928 | D        | Reached XP level 9. HP: 41/62 MP: 9/9
  1119 | D        | Bought the +1 cloak of Starlight {*Dazzle EV+4 Stlth--} for
                  | 335 gold pieces
  1119 | D        | Found the +1 cloak of Starlight {*Dazzle EV+4 Stlth--}
  1127 | D        | Noticed a komodo dragon
  1134 | D        | Killed a komodo dragon
  1290 | D        | Noticed a kobold demonologist
  1290 | D        | Noticed a kobold demonologist
  1305 | D        | Reached skill level 10 in Armour
  1310 | D        | Killed a kobold demonologist
  1311 | D        | Reached skill level 10 in Shields
  1322 | D        | Killed a kobold demonologist
  1323 | D        | Reached XP level 10. HP: 50/70 MP: 10/10
  1425 | D        | Noticed Josephine
  1430 | D        | Reached skill level 5 in Stealth
  1441 | D        | Killed Josephine
  1442 | D        | Reached skill level 5 in Dodging
  1444 | D        | Reached skill level 15 in Maces & Flails
  1559 | D        | Noticed a hell hog
  1559 | D        | Noticed a hell hog
  1559 | D        | Noticed a hell hog
  1559 | D        | Noticed a hell hog
  1586 | D        | Killed a hell hog
  1590 | D        | Killed a hell hog
  1593 | D        | Killed a hell hog
  1594 | D        | Reached XP level 11. HP: 28/77 MP: 11/11
  1618 | D        | Killed a hell hog
  1926 | D        | Noticed a lindwurm
  1927 | D        | Noticed an orc high priest
  1960 | D        | Killed a lindwurm
  1969 | D        | Noticed a soul eater
  1985 | D        | Noticed a sixfirhy
  1989 | D        | Killed an orc high priest
  2220 | D        | Noticed a yaktaur captain
  2249 | D        | Killed a yaktaur captain
  2434 | D        | Noticed a flayed ghost
  2434 | D        | Noticed a lindwurm
  2437 | D        | Noticed a wizard
  2471 | D        | Reached XP level 12. HP: 86/86 MP: 12/12
  2477 | D        | Reached skill level 15 in Fighting
  2784 | D        | Noticed a four-headed hydra
  2792 | D        | Killed a four-headed hydra
  3098 | D        | Noticed a merfolk javelineer
  3112 | D        | Killed a merfolk javelineer
  3282 | D        | Reached skill level 15 in Shields
  3381 | D        | Noticed a ghost moth
  3381 | D        | Noticed an apis
  3381 | D        | Noticed a tentacled monstrosity
  3395 | D        | Killed a tentacled monstrosity
  3396 | D        | Reached skill level 15 in Armour
  3405 | D        | Killed an apis
  3435 | D        | Killed a ghost moth
  3436 | D        | Reached skill level 10 in Stealth
  3436 | D        | Reached XP level 13. HP: 64/96 MP: 0/13
  3578 | D        | Bought the +8 great mace "Itieq" {vorpal, Dex+4 Stlth+} for
                  | 950 gold pieces
  3580 | D        | Bought the +1 pair of gloves "Wotick" {Str+3} for 296 gold
                  | pieces
  3580 | D        | Bought a scroll of fog for 26 gold pieces
  3580 | D        | Bought a potion of heal wounds for 65 gold pieces
  3628 | D        | Noticed a red draconian
  3628 | D        | Noticed Ilsuiw
  3634 | D        | Noticed a fire giant
  3641 | D        | Noticed Polyphemus
  3645 | D        | Killed a fire giant
  3655 | D        | Killed Polyphemus
  3667 | D        | Killed Ilsuiw
  3678 | D        | Reached skill level 1 in Evocations
  3680 | D        | Killed a red draconian
  3680 | D        | Noticed a merfolk javelineer
  3684 | D        | Killed a merfolk javelineer
  3711 | D        | Identified the +4 chain mail of Gestures {Int+3}
  3724 | D        | Noticed Nergalle
  3743 | D        | Killed Nergalle
  3996 | D        | Got Sif Muna's Grimoire of Vitriolic Necromancy
  4031 | D        | Upgraded the game from 0.29-a0-416-g83a48905f1 to
                  | 0.29-a0-451-gfbfa42419e
  4148 | D        | Noticed a hellephant
  4174 | D        | Killed a hellephant
  4359 | D        | Noticed a blizzard demon
  4363 | D        | Killed a blizzard demon
  4399 | D        | Noticed Mara
  4404 | D        | Noticed mhtbhm's illusion
  4409 | D        | Killed Mara
  4410 | D        | Gained mutation: Your large and strong wings let you fly.
                  | [Gargoyle growth]
  4410 | D        | Reached XP level 14. HP: 108/108 MP: 14/14
  4413 | D        | Noticed an azure jelly
  4416 | D        | Killed an azure jelly
  4561 | D        | Noticed an orc warlord
  4569 | D        | Killed an orc warlord
  4620 | D        | Noticed a green draconian monk
  4620 | D        | Noticed an apis
  4620 | D        | Noticed an iron dragon
  4620 | D        | Noticed a profane servitor
  4620 | D        | Noticed a green draconian monk
  4620 | D        | Noticed a Brimstone Fiend
  4620 | D        | Noticed a balrug
  4625 | D        | Killed a balrug
  4634 | D        | Killed a Brimstone Fiend
  4650 | D        | Killed a green draconian monk
  4658 | D        | Killed an apis
  4667 | D        | Killed an iron dragon
  4677 | D        | Killed a green draconian monk
  4685 | D        | HP: 6/165 [profane servitor/+2 whip (3)]
  4690 | D        | HP: 3/165 [profane servitor/+2 whip (4)]
  4690 | D        | HP: 1/165 [profane servitor/+2 whip (2)]
  4691 | D        | Killed a profane servitor
  5078 | D        | Noticed a royal mummy
  5087 | D        | Killed a royal mummy
  5088 | D        | Reached skill level 1 in Throwing
  5272 | D        | Noticed a deep elf blademaster
  5284 | D        | Killed a deep elf blademaster
  5452 | D        | Noticed an electric golem
  5460 | D        | Killed an electric golem
  5571 | D        | Noticed a daeva
  5588 | D        | Killed a daeva
  5710 | D        | Found the +6 sword of Cerebov {flame}
  5710 | D        | Noticed Cerebov
  5726 | D        | Noticed a Brimstone Fiend
  5726 | D        | Noticed a balrug
  5726 | D        | Noticed a balrug
  5740 | D        | Annihilated by Cerebov

Illustrated notes

Levels and vault maps discovered:
D:        pitsprint [storerooms_1, entrance_room_1, metal_vault_2, armoury_1,
          mini_pit_1, grid_room_1, main_hall_1, silver_pit, the_coven_3,
          the_vestibule_1, steel_vault_2, golden_pit, hallway_of_sentries,
          crystal_vault_4, iron_vault_1, final_vault]

Skill      XL: |  1  2  3  4  5  6  7  8  9 10 11 12 13 14 |
---------------+-------------------------------------------+-----
Fighting       | 5 6 7 8 9 10 11 12 14 17 20 22 | 22.0
Maces & Flails | 3 4 7 9 11 13 14 16 17 19 20 22 | 22.5
Armour         | 5 6 7 8 10 12 13 15 17 18 | 18.2
Shields        | 5 6 7 8 9 10 12 14 15 17 | 17.7
Dodging        | 1 2 3 4 5 6 7 8 9 |  9.2
Stealth        | 1 2 3 4 6 8 10 12 | 12.5
Evocations     | 2 4 |  4.1
Throwing       | 1 |  1.3

Action                   |  1- 3 |  4- 6 |  7- 9 | 10-12 | 13-15 || total
-------------------------+-------+-------+-------+-------+-------++-------
Melee: Flail             |    10 |    58 |    32 |       |       ||   100
       Mace              |       |    25 |       |       |       ||    25
       Morningstar       |       |       |    73 |   325 |   121 ||   519
       Great mace        |       |       |       |       |   148 ||   148
       Demon whip        |       |       |       |       |    18 ||    18
Throw: Boomerang         |       |       |       |       |     2 ||     2
Invok: Call Merchant     |       |       |     1 |       |     2 ||     3
       Potion Petition   |       |       |       |     2 |     8 ||    10
Evoke: Tin of tremorston |       |       |       |       |    10 ||    10
  Use: Potion            |     1 |     2 |     3 |     4 |    14 ||    24
       Scroll            |       |       |       |     2 |     3 ||     5
 Stab: Distracted        |       |     1 |     1 |     2 |       ||     4
       Invisible         |       |       |     2 |     6 |     4 ||    12
Armor: Scale mail        |     7 |    12 |       |       |       ||    19
       Chain mail        |       |    34 |    96 |   146 |   134 ||   410
       Ring mail         |       |       |    14 |       |       ||    14
       Skin              |       |       |       |       |    35 ||    35
Dodge: Dodged            |     5 |    36 |    92 |   162 |   134 ||   429
Block: Buckler           |     2 |    17 |    52 |   111 |    41 ||   223
       Tower shield      |       |       |       |       |    13 ||    13

Table legend: (Time is in decaauts)
 A = Elapsed time spent in this place.
 B = Non-inter-level travel time spent in this place.
 C = Inter-level travel time spent in this place.
 D = Time resting spent in this place.
 E = Time spent auto-exploring this place.
 F = Levels seen in this place.
 G = Mean time per level.
                   A        B        C        D        E       F      G
               +--------+--------+--------+--------+--------+-----+--------+
         Total |   5598 |   5575 |     23 |   3462 |      0 |   1 | 5598.0 |
       Dungeon |   5598 |   5575 |     23 |   3462 |      0 |   1 | 5598.0 |
               +--------+--------+--------+--------+--------+-----+--------+

Top non-repeatable levels by time:
       D: 5598 daAuts
